 Dungeon Crawl Stone Soup version 0.30.0-17-ge0270778cf (webtiles) character file.

Game seed: 4989038095724979475

48 monsoonserge the Ducker (level 3, 0/22 HPs)
             Began as a Deep Elf Monk on May 21, 2023.
             Was a Believer of Vehumet.
             Killed by divine providence
             ... invoked by an orc priest
              (13 damage)
             ... on level 3 of the Dungeon.
             The game lasted 00:04:58 (1579 turns).

monsoonserge the Ducker (Deep Elf Monk)             Turns: 1579, Time: 00:04:58

Health: 0/22       AC:  4    Str:  8    XL:     3   Next: 50%
Magic:  6/6        EV: 13    Int: 16    God:    Vehumet [**....]
Gold:   117        SH:  0    Dex: 17    Spells: 3/4 levels left

rFire   . . .        q - +0 long sword
rCold   . . .        d - orb {light}
rNeg    + . .        h - +0 leather armour
rPois   .            (no helmet)
rElec   .            (no cloak)
rCorr   .            p - +0 pair of gloves
SInv    +            (no boots)
Will    .....        (no amulet)
Stlth   +            r - ring of positive energy
HPRegen 0.23/turn    t - ring of see invisible
MPRegen 0.10/turn

%: no passive effects
@: glowing
A: no striking features
a: Renounce Religion


You were on level 3 of the Dungeon.
You worshipped Vehumet.
Vehumet was pleased with you.
You visited 1 branch of the dungeon, and saw 3 of its levels.

You collected 117 gold pieces.

Inventory:

Hand Weapons
 a - a +0 short sword
 q - a +0 long sword (weapon)
Armour
 d - an orb of light (worn)
 h - a +0 leather armour (worn)
 l - a scarf of invisibility
 p - a +0 pair of gloves (worn)
Jewellery
 i - a ring of fire
 r - a ring of positive energy (left hand)
 t - a ring of see invisible (right hand)
Scrolls
 e - 2 scrolls of identify {unknown}
 f - a scroll of vulnerability {unknown}
 m - a scroll of fear {unknown}
 n - a scroll of fog {unknown}
Potions
 b - a potion of curing {unknown}
 c - 2 potions of ambrosia
 g - a potion of magic {unknown}
 j - a potion of heal wounds {unknown}
 k - 3 potions of cancellation {unknown}
 o - a potion of invisibility {unknown}
 s - a potion of degeneration {unknown}


   Skills:
 + Level 2.8 Fighting
 + Level 3.6 Short Blades
 + Level 0.2 Armour
 + Level 4.0 Dodging
 + Level 1.1 Spellcasting
 + Level 0.4 Ice Magic


You had 3 spell levels left.
You knew the following spells:

 Your Spells              Type           Power      Damage    Failure   Level
a - Freeze                Ice            8%         1d3       26%         1

Your spell library contained the following spells:

 Spells                   Type           Power      Damage    Failure   Level
 Static Discharge         Conj/Air       0%         2-2/arc   43%         2


Dungeon Overview and Level Annotations

Branches:
Dungeon (3/15)

Altars:
Vehumet
Yredelemnul


Message History

You kill the bat!
Vehumet accepts your kill.
You see here a bat corpse.
Magic restored.
You now have 117 gold pieces (gained 10).
An orc comes into view. It is wielding a +0 short sword.
The orc shouts!
The orc moves out of view.
An orc is nearby!
Casting: Freeze (safe; 26% risk of failure)
Confirm with . or Enter, or press ? or * to list all spells.
You can't see any susceptible monsters within range! (Use Z to cast anyway.) Unknown command.
Casting: Freeze (safe; 26% risk of failure)
Confirm with . or Enter, or press ? or * to list all spells.
Aiming: Freeze (safe; 26% risk of failure)
Press: ? - help, Shift-Dir - straight line, f - orc
Aim: an orc, wielding a +0 short sword (haloed)
You freeze the orc.
The orc is lightly wounded.
The orc hits you with a +0 short sword.
You hit the orc.
The orc is almost dead.
The orc closely misses you.
You hit the orc.
You kill the orc!
Vehumet accepts your kill.
You feel your power returning.
Your Spellcasting skill increases to level 1!
You open the door.
An orc priest and 2 orcs come into view.
The orc shouts! x2
The orc priest looks satisfied for a moment.
Found 41 gold pieces.
Found a roughly hewn altar of Beogh.
You barely miss the orc. The orc hits you with a +0 mace!
The orc hits you with a +0 mace.
The orc priest mumbles some strange prayers to Beogh against you.
Beogh smites you!
Ouch! That really hurt!
You die...

#..................#
#..........[.......#.
#......###.........#.
#......###...........
####.................
#.................
#.................
##............†....
#.@................
#o##...............
#...##......###.....
#$8o8.#......# #.####
#$o$..#......# #.#
#.8$8.######## #.#
##$_.## #.# ##### #.#
#.#


You could see an orc priest and 2 orcs.

Vanquished Creatures
  2 adders (D:2)
  An orc (D:3)
  2 endoplasms (D:1)
  3 giant cockroaches (D:1)
  5 hobgoblins
  A kobold (D:1)
  2 ball pythons (D:2)
  6 bats
  3 frilled lizards
  2 goblins (D:2)
  2 rats (D:1)
29 creatures vanquished.

Notes
Turn   | Place    | Note
-------+----------+-------------------------------------------
     0 | D:1      | monsoonserge the Deep Elf Monk began the quest for the Orb.
     0 | D:1      | Reached XP level 1. HP: 13/13 MP: 3/3
   244 | D:1      | Reached XP level 2. HP: 18/18 MP: 4/4
   432 | D:1      | Found a faded altar of an unknown god.
   452 | D:1      | Prayed at the altar of an unknown god.
   452 | D:1      | Became a worshipper of Vehumet
   452 | D:1      | Reached * piety under Vehumet
   452 | D:1      | Offered knowledge of Freeze by Vehumet.
   452 | D:1      | Reached ** piety under Vehumet
   455 | D:1      | Learned a level 1 spell: Freeze
   652 | D:2      | Offered knowledge of Shock by Vehumet.
   779 | D:2      | Found a basalt altar of Yredelemnul.
   827 | D:2      | Reached XP level 3. HP: 13/22 MP: 1/5
   888 | D:2      | Offered knowledge of Static Discharge by Vehumet.
   924 | D:2      | Reached skill level 4 in Dodging
  1566 | D:3      | Reached skill level 1 in Spellcasting
  1579 | D:3      | Killed from afar by an orc priest

Illustrated notes

Levels and vault maps discovered:
D:1:      wander_arrival_estate, layout_rooms, hellmonk_ecumenical_altar_zigzags
D:2:      layout_basic, basic_altar
D:3:      layout_basic, mainiacjoe_overflow_24_doors,
          gammafunk_temple_overflow_claw, kennysheep_orc_chapel

Skill      XL: |  1  2  3 |
---------------+----------+-----
Dodging        | 4 |  4.0
Spellcasting   | 1 |  1.1
Fighting       | |  2.8
Short Blades   | |  3.6
Armour         | |  0.2
Ice Magic      | |  0.4

Action                     || total
---------------------------++-------
  Melee: Short sword       ||    81
         Long sword        ||    11
   Cast: Freeze            ||    18
 Armour: Leather armour    ||    27
         Robe              ||     1
  Dodge: Dodged            ||    71
